 Dungeon Crawl Stone Soup version 0.29-a0-22-gbf593b16ee (webtiles) character file.

Game seed: 11800570757307916455

1464 soggyman666 the Cleaver (level 8, -3/70 HPs)
             Began as a Hill Orc Fighter on Jan 29, 2022.
             Slain by a two-headed ogre (13 damage)
             ... on level 6 of the Dungeon.
             The game lasted 00:11:52 (6475 turns).

soggyman666 the Cleaver (Hill Orc Fighter)          Turns: 6475, Time: 00:11:52

Health: -3/70      AC: 11    Str: 21    XL:     8   Next: 77%
Magic:  9/9        EV: 14    Int:  8    God:
Gold:   216        SH:  4    Dex: 10    Spells: 8/9 levels left

rFire   . . .      SeeInvis .   a - +2 war axe (flame)
rCold   . . .      Faith    .   c - +0 buckler
rNeg    . . .      Spirit   .   q - +0 ring mail
rPois   .          Reflect  .   (no helmet)
rElec   .          Harm     .   s - +2 cloak
rCorr   .          Rampage  .   h - +1 pair of gloves
Will    .....                   (no boots)
Stlth   +.........              (no amulet)
HPRegen 0.21/turn               i - +4 ring of evasion
MPRegen 0.11/turn               (no ring)

@: no status effects
A: no striking features
a: no special abilities


You were on level 6 of the Dungeon.
You visited 1 branch of the dungeon, and saw 6 of its levels.

You collected 216 gold pieces.

Inventory:

Hand Weapons
 a - a +2 war axe of flaming (weapon)
Missiles
 m - 3 poisoned darts (quivered)
 n - 54 bolts
 o - 192 stones
Armour
 b - a +0 chain mail
 c - a +0 buckler (worn)
 h - a +1 pair of gloves (worn)
 q - a +0 ring mail (worn)
 s - a +2 cloak (worn)
Jewellery
 i - a +4 ring of evasion (left hand)
 u - a +6 ring of strength
Wands
 r - a wand of flame (9)
Scrolls
 l - 2 scrolls of teleportation
 v - a scroll of vulnerability {unknown}
 w - a scroll of fear {unknown}
Potions
 d - a potion of might
 e - a potion of berserk rage {unknown}
 f - a potion of lignification {unknown}
 g - a potion of resistance {unknown}
 j - 2 potions of curing {unknown}
 k - 2 potions of brilliance {unknown}
 p - 3 potions of heal wounds {unknown}
 t - a potion of invisibility {unknown}


   Skills:
 + Level 5.9 Fighting
 + Level 9.0 Axes
 + Level 0.2 Throwing
 + Level 5.6 Armour
 + Level 2.0 Dodging
 + Level 1.2 Stealth
 + Level 4.1 Shields
 + Level 1.1 Spellcasting
 + Level 0.1 Hexes
 * Level 3.3 Evocations


You had 8 spell levels left.
You knew the following spells:

 Your Spells              Type           Power      Damage    Failure   Level
a - Slow                  Hex            0%         N/A       61%         1

Your spell library contained the following spells:

 Spells                   Type           Power      Damage    Failure   Level
 Ensorcelled Hibernation  Hex/Ice        0%         N/A       75%         2
 Passwall                 Tmut/Erth      0%         N/A       77%         2
 Confusing Touch          Hex            0%         N/A       93%         3
 Spider Form              Tmut/Pois      0%         N/A       94%         3
 Swiftness                Air            0%         N/A       94%         3
 Vampiric Draining        Necr           0%         2d6       94%         3
 Anguish                  Hex/Necr       0%         N/A       100%        4
 Animate Armour           Summ/Erth      0%         N/A       100%        4
 Blade Hands              Tmut           0%         N/A       100%        5
 Iron Shot                Conj/Erth      0%         9d1       100%        6


Dungeon Overview and Level Annotations

Branches:
Dungeon (6/15)
 Temple: D:4-7

Altars:
Dithmenos
Elyvilon
Fedhas
Nemelex Xobeh
Vehumet
Xom


Message History

The jelly closely misses you.
You hit the jelly but do no damage. The acid corrodes you!
Your hands burn!
The jelly is moderately wounded.
You block the jelly's attack.
Unknown command.
You hit the jelly. You burn the jelly. The acid corrodes you!
Your hands burn!
The jelly is moderately wounded.
The jelly hits you.
You are splashed with acid!
You slash the jelly! You burn the jelly.
You kill the jelly!
No target in view!
No target in view!
No target in view!
You are no longer corroded.
Found a stone staircase leading down.
Found a dagger.
Found a stone staircase leading down.
There is a stone staircase leading down here.
Found a stone staircase leading up.
You see here a +0 short sword.
A two-headed ogre comes into view.
It is wielding a +0 giant spiked club and a +0 giant club.
Found a scroll of brand weapon.
The two-headed ogre hits you with a +0 giant spiked club!
The two-headed ogre hits you but does no damage.
You slash the two-headed ogre! You burn the two-headed ogre.
The two-headed ogre is moderately wounded.
You block the two-headed ogre's attack.
The two-headed ogre hits you with a +0 giant club!
You slash the two-headed ogre! You burn the two-headed ogre.
The two-headed ogre is heavily wounded.
The two-headed ogre hits you with a +0 giant spiked club.
The two-headed ogre misses you.
You hit the two-headed ogre. You burn the two-headed ogre.
The two-headed ogre is severely wounded.
You hit the two-headed ogre. You burn the two-headed ogre.
The two-headed ogre is severely wounded.
The two-headed ogre hits you with a +0 giant spiked club!!
* * * LOW HITPOINT WARNING * * *
The two-headed ogre hits you with a +0 giant club!
You die...

### #.. ## #.# ##.# #.#
##...# #.# ?#.....####
#.# ......O@..# #.#
#♣P♣...##.######.##
#≈.≈..# #..##.....##
#≈...# ##...#.....#
.≈♣≈.####..#...#...## .
♣.^....#...#...#..###
###..#...#...#...#..##
.###..#...#...#...#...#..
....#...#...#...#...#...#


You could see a two-headed ogre.

Vanquished Creatures
  2 water moccasins (D:5)
  2 sky beasts
  A hornet zombie (D:5)
  A black bear (D:5)
  An ogre (D:4)
  A phantom (D:5)
  2 scorpions (D:5)
  A bullfrog zombie (D:5)
  An orc priest (D:5)
  2 hounds
  2 jellies
  A gnoll shaman (D:5)
  Natasha (thrice) (D:2)
  2 iguanas (D:4)
  2 orc wizards (D:5)
  6 gnolls
  5 adders
  A white imp (D:5)
  An adder skeleton (D:4)
  2 worms
  A dart slug (D:3)
  10 orcs
  4 ball pythons
  4 bats
  12 endoplasms
  3 giant cockroaches
  14 goblins
  8 hobgoblins
  19 jackals
  6 kobolds
  2 quokkas
  A frilled lizard (D:2)
  3 rats
126 creatures vanquished.

Notes
Turn   | Place    | Note
-------+----------+-------------------------------------------
     0 | D:1      | soggyman666 the Hill Orc Fighter began the quest for the
                  | Orb.
     0 | D:1      | Reached XP level 1. HP: 19/19 MP: 1/1
   120 | D:1      | Reached XP level 2. HP: 27/27 MP: 2/2
   138 | D:1      | Reached skill level 3 in Axes
   631 | D:1      | Reached XP level 3. HP: 33/33 MP: 3/3
  1446 | D:2      | You fall into a shaft and drop 2 floors!
  1446 | D:4      | Found a sparkling altar of Nemelex Xobeh.
  1501 | D:4      | Reached skill level 4 in Axes
  1501 | D:4      | Reached XP level 4. HP: 26/40 MP: 4/4
  1696 | D:4      | Noticed an ogre
  1700 | D:4      | Reached XP level 5. HP: 43/46 MP: 5/5
  1726 | D:4      | Reached skill level 5 in Axes
  1734 | D:4      | Killed an ogre
  1735 | D:4      | Reached skill level 1 in Dodging
  1735 | D:4      | Reached XP level 6. HP: 14/53 MP: 6/6
  2074 | D:4      | Found a white marble altar of Elyvilon.
  2128 | D:4      | Learned a level 1 spell: Slow
  2283 | D:3      | Reached skill level 6 in Axes
  2447 | D:3      | Found a shadowy altar of Dithmenos.
  2789 | D:2      | Noticed Natasha
  2797 | D:2      | Killed Natasha
  3141 | D:2      | Noticed Natasha
  3146 | D:2      | Killed Natasha
  3171 | D:2      | Noticed Natasha
  3176 | D:2      | Killed Natasha
  4092 | D:4      | Found a radiant altar of Vehumet.
  4163 | D:4      | Found a shimmering altar of Xom.
  4348 | D:5      | Entered Level 5 of the Dungeon
  4448 | D:5      | Reached skill level 1 in Stealth
  4453 | D:5      | Reached XP level 7. HP: 29/60 MP: 7/7
  4590 | D:5      | Reached skill level 7 in Axes
  4590 | D:5      | Reached skill level 1 in Evocations
  4738 | D:5      | Reached skill level 5 in Armour
  4831 | D:5      | Found a blossoming altar of Fedhas.
  4859 | D:5      | Reached skill level 5 in Fighting
  5018 | D:5      | Reached skill level 8 in Axes
  5018 | D:5      | Reached XP level 8. HP: 40/68 MP: 4/8
  5724 | D:5      | Reached skill level 1 in Spellcasting
  6121 | D:6      | Reached skill level 9 in Axes
  6469 | D:6      | Noticed a two-headed ogre
  6475 | D:6      | Slain by a two-headed ogre

Illustrated notes

Levels and vault maps discovered:
D:1:      lemuel_arrival_muddy, layout_basic, nrook_uturn
D:2:      layout_basic, due_unseen_surprise, uniq_natasha
D:3:      layout_basic, lemuel_tele_altar, kennysheep_generic_room_12
D:4:      layout_rooms, nemelex_altar_shiori,
          mainiacjoe_overflow_surrounded_room,
          mainiacjoe_overflow_concentric_impassable, vehumet_altar_wand_db,
          minmay_ogre_servants
D:5:      layout_loops_ring, lemuel_doored_altar
D:6:      layout_loops_ring, serial_bayou_pond_e, hex_large

Skill      XL: |  1  2  3  4  5  6  7  8 |
---------------+-------------------------+-----
Axes           | 3 4 5 6 8 9 |  9.0
Fighting       | 4 5 |  5.9
Armour         | 4 5 |  5.6
Dodging        | 1 2 |  2.0
Stealth        | 1 |  1.2
Evocations     | 2 3 |  3.3
Shields        | 4 |  4.1
Spellcasting   | 1 |  1.1
Throwing       | |  0.2
Hexes          | |  0.1

Action                   |  1- 3 |  4- 6 |  7- 9 || total
-------------------------+-------+-------+-------++-------
Melee: War axe           |    92 |   132 |   112 ||   336
Throw: Stone             |       |     9 |       ||     9
       Throwing net      |       |       |     2 ||     2
 Cast: Slow              |       |       |     1 ||     1
  Use: Scroll            |     6 |     1 |     1 ||     8
       Potion            |       |       |     1 ||     1
Armor: Scale mail        |    35 |       |       ||    35
       Ring mail         |     3 |    25 |    41 ||    69
Dodge: Dodged            |    35 |   118 |    56 ||   209
Block: Buckler           |    22 |    30 |    18 ||    70

Table legend: (Time is in decaauts)
 A = Elapsed time spent in this place.
 B = Non-inter-level travel time spent in this place.
 C = Inter-level travel time spent in this place.
 D = Time resting spent in this place.
 E = Time spent auto-exploring this place.
 F = Levels seen in this place.
 G = Mean time per level.
                   A        B        C        D        E       F      G
               +--------+--------+--------+--------+--------+-----+--------+
         Total |   6566 |   6338 |    228 |    774 |   4516 |   6 | 1094.3 |
       Dungeon |   6566 |   6338 |    228 |    774 |   4516 |   6 | 1094.3 |
               +--------+--------+--------+--------+--------+-----+--------+

Top non-repeatable levels by time:
     D:5: 1715 daAuts
     D:2: 1367 daAuts
     D:4: 1072 daAuts
     D:3: 1059 daAuts
     D:1: 924 daAuts
     D:6: 427 daAuts
